 Dungeon Crawl Stone Soup version 0.18.1-47-g9310371 (webtiles) character file.

57757 hannobal the Eclecticist (level 14, 0/81 HPs)
             Began as an Octopode Ice Elementalist on June 10, 2016.
             Was a High Priest of Vehumet.
             Slain by an elephant (1 damage)
             ... on level 7 of the Lair of Beasts on June 22, 2016.
             The game lasted 02:56:51 (38393 turns).

hannobal the Eclecticist (OpIE)                    Turns: 38393, Time: 02:56:52

Health: 0/81       AC: 14    Str:  7      XL:     14   Next: 87%
Magic:  36/36      EV:  2    Int: 26 (27) God:    Vehumet [*****.]
Gold:   24         SH:  0    Dex: 15 (16) Spells: 7 memorised, 18 levels left

rFire  + + +     SeeInvis .     a - +2 short sword (protect)
rCold  . . .     Gourm    .     s - +1 buckler {rF+}
rNeg   + + +     Faith    .     x - +2 hat {Int+3}
rPois  ∞         Spirit   .     o - +4 amulet of reflection
rElec  .         Dismiss  .     f - +3 ring of dexterity
rCorr  .         Reflect  +     D - ring of wizardry
SustAt .         Harm     .     (no ring)
MR     +....     Rnd*Tele +     n - ring "Degom" {+Blink rF+ AC-2 Stlth+}
Stlth  +++++.....               Y - ring of protection from fire
                                p - ring of poison resistance
                                (no ring)
                                (no ring)

@: icy armour (expiring), petrified, slow, somewhat resistant to hostile
enchantments, quite stealthy
A: almost no armour, amphibious, 8 rings, constrict 8, fangs 1, camouflage 1,
blink, blurry vision 2, clever 1, deterioration 1, frail 1, high mp 1,
teleportitis 1, gelatinous body 1
a: Blink, Renounce Religion, Evoke Blink


You were on level 7 of the Lair of Beasts.
You worshipped Vehumet.
Vehumet was extremely pleased with you.
You were not hungry.

You visited 4 branches of the dungeon, and saw 20 of its levels.
You also visited: Labyrinth.

You collected 1436 gold pieces.
You spent 1412 gold pieces at shops.

Inventory:

Hand Weapons
 a - a +2 short sword of protection (weapon)
 k - a +1 hand axe of electrocution
 w - a +6 demon trident of pain
Missiles
 d - 23 tomahawks (quivered)
Armour
 s - a +1 buckler of fire resistance (worn)
 x - a +2 hat of intelligence (worn)
Magical Staves
 b - an uncursed staff of cold
Rods
 C - a +2 lightning rod (14/14)
   (You found it in a labyrinth)
 N - a +5 lightning rod (12/12)
   (You found it in a labyrinth)
Jewellery
 f - a +3 ring of dexterity (left tentacle)
 m - an uncursed ring of ice
 n - the ring "Degom" (on tentacle) {+Blink rF+ AC-2 Stlth+}
   (You found it in a labyrinth)

   [ring of protection]

   It affects your AC (-2).
   It protects you from fire.
   It lets you blink.
   It makes you more stealthy.
 o - a +4 amulet of reflection (around mantle)
 p - a ring of poison resistance (on tentacle)
 u - an uncursed amulet of the gourmand
 D - a ring of wizardry (right tentacle)
 K - an uncursed amulet of regeneration
 Y - a ring of protection from fire (on tentacle)
Wands
 A - a wand of teleportation (1/9)
 Z - a wand of acid (7/15)
Scrolls
 g - 2 scrolls of blinking
 i - 6 scrolls of identify
 j - a scroll of fear
 r - 6 scrolls of remove curse
 B - 3 scrolls of teleportation
 O - 2 scrolls of fog
 R - 3 scrolls of recharging
Potions
 h - 2 potions of flight
 t - a potion of brilliance
 v - a potion of magic
 E - 3 potions of heal wounds
 J - 5 potions of curing
 L - 2 potions of might
Miscellaneous
 G - a sack of spiders
 H - a phial of floods
Comestibles
 c - 3 chunks of flesh
 e - 6 fruits
 l - 11 bread rations
 z - 6 meat rations


   Skills:
 - Level 6.1 Fighting
 - Level 1.0 Polearms
 + Level 10.6 Dodging
 - Level 3.3 Stealth
 - Level 4.1 Shields
 - Level 15.0 Spellcasting
 - Level 6.0 Conjurations
 - Level 2.0 Charms
 - Level 5.1 Summonings
 - Level 2.1 Fire Magic
 - Level 6.1 Ice Magic
 - Level 10.0 Earth Magic
 - Level 1.2 Evocations


You had 18 spell levels left.
You knew the following spells:

 Your Spells              Type           Power        Failure   Level  Hunger
a - Freeze                Ice            ####         1%          1    None
b - Summon Ice Beast      Ice/Summ       #####...     1%          4    None
c - Conjure Flame         Conj/Fire      #####...     1%          3    None
f - Fireball              Conj/Fire      #####.....   2%          5    #......
i - Throw Icicle          Conj/Ice       ######..     1%          4    None
m - Bolt of Magma         Conj/Fire/Erth ######....   1%          5    #......
o - Ozocubu's Armour      Chrm/Ice       #####...     1%          3    None


Dungeon Overview and Level Annotations

Branches:
Dungeon (11/15)            Temple (1/1) D:5            Lair (7/8) D:11
  Swamp (0/4) Lair:6       Spider (0/4) Lair:6        Slime (0/6) Lair:6
    Orc (1/2) D:9

Altars:
Ashenzari
Cheibriados
Dithmenos
Elyvilon
Fedhas
Gozag
Kikubaaqudgha
Makhleb
Nemelex Xobeh
Okawaru
Pakellas
Qazlal
Ru
Sif Muna
Trog
Vehumet
Xom
Yredelemnul
Zin
The Shining One
Jiyva

Shops:
D:4 *[}*   D:5 [   D:7 [

Annotations:
D:10 exclusion: upstairs
Lair:3 exclusion: oklob plant
Orc:1 hi priest!


Innate Abilities, Weirdness & Mutations

You cannot wear most types of armour.
You are amphibious.
You can wear up to eight rings at the same time.
You can use your tentacles to constrict eight enemies at once.
Your skin changes colour to match your surroundings (Stealth).
Your rubbery body absorbs attacks (AC +1).
You have very sharp teeth.
You can translocate small distances at will.
Scrolls take you longer to read.
Your mind is acute. (Int +2)
Your body sometimes deteriorates upon taking damage.
You are frail (-10% HP).
You have an increased reservoir of magic (+10% MP).
You are occasionally teleported next to monsters.


Message History

* * * LOW HITPOINT WARNING * * *
You hold your ground!
The elephant trunk-slaps you but does no damage.
Your icy armour starts to melt.
The elephant tramples you!
* * * LOW HITPOINT WARNING * * *
You hold your ground!
The elephant trunk-slaps you. The yak gores you but does no damage.
The elephant tramples you!
* * * LOW HITPOINT WARNING * * *
You hold your ground!
The elephant trunk-slaps you but does no damage.
The elephant tramples you!
* * * LOW HITPOINT WARNING * * *
You hold your ground!
The elephant trunk-slaps you but does no damage.
The yak barely misses you.
The basilisk bites you but does no damage.
The elephant barely misses you. The elephant completely misses you.
The elephant tramples you.
You die...

.......................
.......................
.......................
.##.....P............ ....
#####...#....#...#. .....
##...#......#.. ......
#.........#...
......##########....#..#....
..........Y@##.......#...#..
...........YYl....#...##...#.
.....................#...t...
.............................
...................#..#......
..................#....#.....
.............................
............<................
.............................


You could see 2 elephants, a yak and a basilisk.

Vanquished Creatures
  7 hydras
  A catoblepas (Lair:3)
  7 death yaks
  2 unseen horrors (D:11)
  An ugly thing (D:11)
  A griffon (Lair:3)
  3 black mambas
  11 elephants
  3 centaur skeletons
  4 spiny frogs
  5 komodo dragons
  4 rime drakes
  A troll (D:11)
  A minotaur zombie (Lab)
  2 polar bears
  6 blink frogs
  A wraith (D:10)
  33 yaks
  A vampire (D:11)
  A basilisk (Lair:6)
  7 hippogriffs
  A mottled dragon (D:11)
  A warg (Orc:1)
  9 soldier ants (Lair:3)
  A swamp worm (Lair:6)
  11 porcupines
  16 water moccasins
  A giant eyeball (D:11)
  A sky beast (D:5)
  A phantom (D:3)
  An orc warrior (Orc:1)
  2 ogres
  6 centaurs
  The ghost of Metae the Conjurer, an amateur DrCj (D:3)
  8 wolves
  13 crocodiles
  3 big kobolds
  11 giant frogs
  6 scorpions
  A wight (D:11)
  3 howler monkeys
  5 electric eels
  A vampire bat (Lair:4)
  5 crimson imps
  A giant frog zombie (D:10)
  2 centaur zombies
  A jelly (D:7)
  3 quasits
  4 orc priests
  12 orc wizards
  6 hounds
  3 giant frog skeletons
  12 iguanas
  33 worker ants
  13 sheep
  3 hound skeletons
  2 howler monkey skeletons
  2 gnolls
  90 river rats
  14 adders
  2 shadow imps (D:11)
  3 oozes
  2 dart slugs
  3 worms
  6 giant geckos
  34 orcs
  6 giant cockroaches
  15 goblins
  8 hobgoblins
  11 jackals
  24 kobolds
  8 quokkas
  2 ball pythons
  13 bats
  A giant gecko zombie (D:6)
  6 rats
  A fungus (Lair:6)
  6 plants (Lair:5)
562 creatures vanquished.

Vanquished Creatures (collateral kills)
  Maud (Lair:3)
  A minotaur (Lab)
  A death yak (Lair:6)
  A queen ant (Lair:3)
  A manticore (D:11)
  A griffon (Lair:5)
  2 cyclopes
  3 elephants (Lair:2)
  2 gargoyles
  A komodo dragon (Lair:3)
  2 tengu conjurers (D:10)
  2 trolls
  A two-headed ogre (D:11)
  5 blink frogs
  Prince Ribbit (D:5)
  2 wyverns
  5 yaks
  2 hippogriffs
  4 hungry ghosts
  A warg (D:9)
  Menkaure (D:7)
  6 soldier ants
  3 orc warriors
  2 porcupines
  4 phantoms
  A necrophage (D:11)
  4 wolves (Lair:2)
  5 centaurs
  4 ogres
  A crocodile (D:9)
  A big kobold (D:11)
  7 giant frogs
  A scorpion (D:5)
  A howler monkey (D:5)
  A giant frog zombie (D:5)
  A gnoll shaman (D:7)
  A hound (D:4)
  5 orc priests
  Crazy Yiuf (D:6)
  2 jellies (D:5)
  An iguana (Lair:3)
  4 orc wizards
  4 worker ants
  4 sheep (Lair:4)
  2 hound zombies
  2 adders (D:5)
  2 gnolls (D:7)
  2 shadow imps
  A giant gecko (D:4)
  26 orcs
  4 jackals (D:10)
  A quokka (D:5)
144 creatures vanquished.

Vanquished Creatures (others)
  A blink frog (Lair:5)
  24 fungi
  10 plants
35 creatures vanquished.

Grand Total: 741 creatures vanquished

Notes
Turn   | Place    | Note
--------------------------------------------------------------
     0 | D:1      | hannobal the Octopode Ice Elementalist began the quest for the Orb.
     0 | D:1      | Reached XP level 1. HP: 11/11 MP: 3/3
   422 | D:1      | Reached XP level 2. HP: 5/17 MP: 0/5
   453 | D:1      | Learned a level 2 spell: Throw Frost
  1110 | D:1      | Reached XP level 3. HP: 21/21 MP: 0/6
  1642 | D:2      | Gained mutation: Your mind is acute. (Int +2) [potion of mutation]
  1642 | D:2      | Gained mutation: Your body sometimes deteriorates upon taking damage. [potion of mutation]
  1642 | D:2      | Gained mutation: Scrolls take you a little longer to read. [potion of mutation]
  1800 | D:2      | Learned a level 3 spell: Ozocubu's Armour
  2054 | D:2      | Reached skill level 1 in Charms
  2055 | D:2      | Gained mutation: You have very sharp teeth. [potion of mutation]
  2055 | D:2      | Gained mutation: You can translocate small distances at will. [potion of mutation]
  2055 | D:2      | Gained mutation: You evolve. [potion of mutation]
  2071 | D:2      | HP: 1/21 [poisoned by an adder]
  2235 | D:2      | Reached XP level 4. HP: 17/27 MP: 2/7
  3035 | D:2      | Found a shimmering altar of Xom.
  3035 | D:2      | Found a burning altar of Makhleb.
  3863 | D:3      | Reached XP level 5. HP: 31/31 MP: 6/8
  3952 | D:3      | Noticed Metae's ghost (amateur DrCj)
  4101 | D:3      | Reached skill level 5 in Ice Magic
  4496 | D:3      | Gained mutation: You are occasionally teleported next to monsters. [evolution]
  4520 | D:3      | Noticed a phantom
  4721 | D:4      | Found Gyrph's General Store.
  5080 | D:4      | Found Fecoul's Gadget Shop.
  5095 | D:4      | Reached skill level 3 in Spellcasting
  5101 | D:4      | Learned a level 4 spell: Summon Ice Beast
  5171 | D:4      | Noticed an ogre
  5227 | D:4      | Killed an ogre
  5227 | D:4      | Reached skill level 1 in Summonings
  5227 | D:4      | Reached XP level 6. HP: 36/36 MP: 0/10
  5491 | D:4      | Found Doemor's Assorted Antiques.
  5709 | D:4      | Gained mutation: You are frail (-10% HP). [evolution]
  5720 | D:4      | Bought a glowing dark potion for 26 gold pieces
  6058 | D:4      | Noticed a phantom
  6065 | D:4      | Reached XP level 7. HP: 36/36 MP: 2/11
  6263 | D:4      | Gained mutation: You have an increased reservoir of magic (+10% MP). [evolution]
  6344 | D:4      | Found Cipnuaf's Antique Armour Boutique.
  6728 | D:5      | Entered Level 5 of the Dungeon
  6883 | D:5      | Noticed Prince Ribbit
  6888 | D:5      | Killed Prince Ribbit
  7180 | D:5      | Reached skill level 5 in Summonings
  7346 | D:5      | Reached skill level 1 in Fighting
  7403 | D:5      | Reached XP level 8. HP: 43/43 MP: 3/14
  7692 | D:5      | Found a staircase to the Ecumenical Temple.
  7701 | Temple   | Entered the Ecumenical Temple
  8051 | D:5      | Found Laobrist's Armour Shop.
  8186 | D:4      | Bought a scroll labeled ZUOMUFEESO for 29 gold pieces
  8186 | D:4      | Bought a scroll labeled ASEMMOP MOOHEMM for 29 gold pieces
  8316 | D:5      | Learned a level 4 spell: Throw Icicle
  8913 | D:6      | Reached skill level 4 in Spellcasting
  9185 | D:6      | Reached skill level 5 in Spellcasting
  9353 | D:5      | Bought a +0 hat of intelligence for 165 gold pieces
  9441 | D:6      | Noticed Crazy Yiuf
  9452 | D:6      | Killed Crazy Yiuf
  9535 | D:6      | Found a shattered altar of Ashenzari.
  9578 | D:6      | Found a radiant altar of Vehumet.
  9587 | D:6      | Became a worshipper of Vehumet
  9629 | D:6      | Found a white marble altar of Elyvilon.
 10234 | D:6      | Reached skill level 5 in Conjurations
 10234 | D:6      | Reached XP level 9. HP: 28/47 MP: 10/18
 10348 | D:6      | Gained mutation: Scrolls take you longer to read. [evolution]
 10439 | D:6      | Found a basalt altar of Yredelemnul.
 10533 | D:7      | Identified a scroll of acquirement
 10535 | D:7      | Noticed Menkaure
 10540 | D:7      | Killed Menkaure
 10703 | D:7      | Found Cagasug's Antique Armour Shoppe.
 10767 | D:7      | Reached skill level 6 in Spellcasting
 11237 | D:7      | Found a bloodstained altar of Trog.
 11474 | D:8      | Reached * piety under Vehumet
 11474 | D:8      | Offered knowledge of Flame Tongue by Vehumet.
 11475 | D:8      | Found a deep blue altar of Sif Muna.
 11585 | D:8      | Reached skill level 7 in Spellcasting
 11851 | D:4      | Bought a bronze ring for 145 gold pieces
 12628 | D:8      | Found a sacrificial altar of Ru.
 12766 | D:8      | Found a sparkling altar of Nemelex Xobeh.
 12938 | D:8      | Reached skill level 8 in Spellcasting
 13639 | D:9      | Reached skill level 9 in Spellcasting
 13639 | D:9      | Reached XP level 10. HP: 52/52 MP: 16/25
 13838 | D:9      | Found a staircase to the Orcish Mines.
 14013 | D:5      | Bought a +0 buckler for 67 gold pieces
 14121 | D:9      | Reached skill level 1 in Shields
 14172 | D:9      | Found a glowing golden altar of the Shining One.
 14375 | D:9      | Reached ** piety under Vehumet
 14375 | D:9      | Offered knowledge of Sting by Vehumet.
 14522 | D:9      | Found a radiant altar of Vehumet.
 14771 | D:9      | Found an ancient bone altar of Kikubaaqudgha.
 14774 | D:9      | Found an opulent altar of Gozag.
 15078 | D:10     | Entered Level 10 of the Dungeon
 15324 | D:10     | Found a glowing silver altar of Zin.
 15353 | D:9      | Offered knowledge of Conjure Flame by Vehumet.
 15358 | D:9      | Learned a level 3 spell: Conjure Flame
 15429 | D:10     | Noticed a gargoyle
 15446 | D:10     | Killed a gargoyle
 15446 | D:10     | Reached skill level 1 in Fire Magic
 15979 | D:10     | Reached skill level 10 in Spellcasting
 16075 | D:10     | Reached *** piety under Vehumet
 16270 | D:10     | Upgraded the game from 0.18.1-8-gdd0e5ea to 0.18.1-47-g9310371
 16561 | D:9      | Reached skill level 5 in Dodging
 16835 | D:10     | Lost mutation: You evolve. [end of evolution]
 16836 | D:11     | Found a labyrinth entrance.
 16852 | Lab      | Entered a labyrinth
 17769 | Lab      | Noticed a minotaur
 17788 | Lab      | Killed a minotaur
 17788 | Lab      | Reached XP level 11. HP: 56/56 MP: 4/27
 17800 | Lab      | Got a vibrating wooden ring
 17800 | Lab      | Identified Sif Muna's Reference Book on the Enchanting Frostbite
 17816 | Lab      | Identified the cursed ring "Degom" {+Blink rF+ AC-2 Stlth+} (You found it in a labyrinth)
 18572 | D:11     | Offered knowledge of Stone Arrow by Vehumet.
 18667 | D:11     | Found a staircase to the Lair.
 19076 | D:11     | Noticed a manticore
 19089 | D:11     | Killed a manticore
 19326 | D:11     | Killed an unseen horror
 19484 | D:11     | Noticed a brown ugly thing
 19489 | D:11     | Killed a brown ugly thing
 19620 | D:11     | Noticed a cyclops
 20091 | D:11     | Learned a level 3 spell: Stone Arrow
 20383 | D:10     | Reached **** piety under Vehumet
 20690 | D:3      | Killed Metae's ghost
 20690 | D:3      | Reached skill level 5 in Fighting
 20690 | D:3      | Reached skill level 1 in Earth Magic
 21090 | D:11     | Killed an unseen horror
 21425 | Orc:1    | Entered Level 1 of the Orcish Mines
 21657 | D:9      | Offered knowledge of Fireball by Vehumet.
 21666 | D:9      | Learned a level 5 spell: Fireball
 21961 | Orc:1    | Noticed a cyclops
 21964 | Orc:1    | Killed a cyclops
 22079 | D:4      | Bought a wand of teleportation (3/9) for 294 gold pieces
 22464 | Orc:1    | Noticed a cyclops
 22470 | Orc:1    | Noticed an orc warlord
 22471 | Orc:1    | Noticed an orc high priest
 22477 | Orc:1    | Noticed an orc knight
 22480 | Orc:1    | Noticed a sun demon
 22558 | D:11     | Killed a cyclops
 22668 | Lair:1   | Entered Level 1 of the Lair of Beasts
 22940 | D:11     | Reached XP level 12. HP: 64/69 MP: 2/29
 23097 | Lair:1   | Reached ***** piety under Vehumet
 23114 | Lair:1   | Offered knowledge of Ozocubu's Refrigeration by Vehumet.
 23242 | Lair:1   | Reached skill level 12 in Spellcasting
 23242 | Lair:1   | Reached XP level 13. HP: 72/72 MP: 29/32
 23448 | Lair:1   | Reached skill level 10 in Dodging
 24934 | Lair:2   | Reached skill level 13 in Spellcasting
 26054 | Lair:3   | Offered knowledge of Bolt of Magma by Vehumet.
 26056 | Lair:3   | Noticed Maud
 26096 | Lair:2   | HP: 3/74 [poisoned by a black mamba]
 26104 | Lair:2   | HP: 3/74 [poisoned by a black mamba]
 26118 | Lair:2   | Learned a level 5 spell: Bolt of Magma
 27331 | Lair:3   | Reached skill level 5 in Earth Magic
 27595 | Lair:3   | Reached skill level 1 in Evocations
 28990 | Lair:3   | Killed Maud
 29348 | D:4      | Bought a scroll of enchant weapon for 97 gold pieces
 29557 | Lair:3   | Reached skill level 1 in Polearms
 30065 | Lair:3   | Offered knowledge of Bolt of Fire by Vehumet.
 30239 | Lair:4   | Reached skill level 14 in Spellcasting
 31240 | Lair:4   | Reached XP level 14. HP: 81/81 MP: 15/35
 32531 | Lair:5   | Reached skill level 15 in Spellcasting
 34139 | Lair:5   | Offered knowledge of Poisonous Cloud by Vehumet.
 35384 | Lair:6   | Found a staircase to the Swamp.
 36047 | Lair:6   | Found a hole to the Spider Nest.
 36090 | Lair:6   | Found a staircase to the Slime Pits.
 36090 | Lair:6   | Found a viscous altar of Jiyva.
 37075 | D:4      | Bought a phial of floods for 560 gold pieces
 37483 | Lair:6   | Reached skill level 10 in Earth Magic
 38392 | Lair:7   | HP: 1/81 [elephant (8)]
 38393 | Lair:7   | Slain by an elephant

Skill      XL: |  1  2  3  4  5  6  7  8  9 10 11 12 13 14 |
---------------+-------------------------------------------+-----
Stealth        | 3 |  3.3
Ice Magic      | 4 5 6 |  6.1
Charms         | 1 2 |  2.0
Spellcasting   | 3 5 9 10 12 14 15 | 15.0
Summonings     | 1 3 5 |  5.1
Fighting       | 1 5 6 |  6.1
Dodging        | 3 6 9 10 | 10.6
Conjurations   | 5 6 |  6.0
Shields        | 4 |  4.1
Fire Magic     | 2 |  2.1
Earth Magic    | 2 5 10 | 10.0
Evocations     | 1 |  1.2
Polearms       | 1 |  1.0

Action                   |  1- 3 |  4- 6 |  7- 9 | 10-12 | 13-15 || total
-------------------------+-------+-------+-------+-------+-------++-------
Melee: Whip              |     4 |    29 |       |       |       ||    33
       Constrict         |     1 |     7 |     7 |     7 |    37 ||    59
       Bite              |       |     5 |     4 |    10 |    15 ||    34
       Tentacles         |       |     6 |     5 |    17 |    27 ||    55
       Trident           |       |       |    30 |       |       ||    30
       Staff             |       |       |     8 |       |     4 ||    12
       War axe           |       |       |     4 |     5 |       ||     9
       Hand axe          |       |       |       |    29 |    85 ||   114
       Short sword       |       |       |       |    40 |     8 ||    48
       Demon trident     |       |       |       |       |    82 ||    82
 Fire: Hunting sling     |       |     3 |     1 |       |       ||     4
Throw: Stone             |    18 |    15 |       |       |       ||    33
       Tomahawk          |       |       |     3 |     1 |     1 ||     5
 Cast: Freeze            |    63 |   113 |   136 |   180 |   290 ||   782
       Ozocubu's Armour  |       |    16 |    54 |    68 |   119 ||   257
       Summon Ice Beast  |       |     5 |    37 |    94 |    78 ||   214
       Throw Frost       |       |     1 |     8 |       |       ||     9
       Throw Icicle      |       |       |     9 |    58 |   198 ||   265
       Stone Arrow       |       |       |       |    23 |       ||    23
       Conjure Flame     |       |       |       |    20 |     8 ||    28
       Fireball          |       |       |       |     4 |    62 ||    66
       Bolt of Magma     |       |       |       |       |    41 ||    41
 Abil: Blink             |       |       |       |       |     7 ||     7
Evoke: Wand              |       |       |       |     1 |     1 ||     2
  Use: Potion            |     5 |     1 |     3 |     4 |     1 ||    14
       Scroll            |     4 |     3 |     9 |     7 |     8 ||    31
 Stab: Distracted        |       |       |       |     3 |       ||     3
       Sleeping          |       |       |       |       |     7 ||     7
  Eat: Chunk             |     3 |    16 |    22 |    19 |    27 ||    87
       Beef jerky        |     1 |       |     1 |       |     2 ||     4
       Pizza             |       |       |     1 |       |       ||     1
       Bread ration      |       |       |     1 |     1 |     1 ||     3
       Royal jelly       |       |       |     1 |       |       ||     1
       Fruit             |       |       |       |    11 |    16 ||    27
Armor: Skin              |     9 |    25 |    65 |    86 |   121 ||   306
Dodge: Dodged            |    23 |    65 |   143 |   169 |   433 ||   833
Block: Buckler           |       |       |       |   150 |   336 ||   486
       Reflection        |       |       |       |    16 |       ||    16
